Unix NetHack Version 5.0.0-0 post-release - last build Jun 10 2026 00:39:30 (3ee93aec679c4c4259841fe613dc97188e26a321,branch:main).

Game began 2026-06-16 18:03:01, ended 2026-06-16 18:53:56.

Ch3Begorrah, chaotic male human Rogue

                                                             #
    -.-            ---------                            -----|-
     [             |.......|               --------     |....`.#          ----
     (             |.......|               |.......##   |.....|#          |..|
     %            #.........               |......| ####-%....|#          |^.|
     .            #------.--               |......|###  |..>..|#          ----
     .            ##     #                 |......|##   ---%---#
                   #     ##                |.......######  #   #
                   ##     #                ------.-         #  #
                    #     #                      #           # #
                    #     #                      #            ##
               -----#   --.-----                 ###           #
   --.--    ###-...|#   |......+       ------------.-          ##
   |....##### #|...|#   |......|       |........<...|          # #
   |cgW|       |...|#   |......-#######.............|          #--.----------
   |.^.-       |....#   --------       |............|          #|...........|
   |...|       -----                   --------------          #-...........|
   -----                                                        |...........|
                                                                |...........|
                                                                -------------

Ch3Begorrah the Rogue   St:14 Dx:18 Co:16 In:11 Wi:9 Ch:8  Chaotic
Dlvl:12 $:0  HP:0(69) Pw:21(21) AC:4  Xp:8 T:5081  Burdened

Latest messages:
 What do you want to engrave in the floor here? Elbereth
 Gravel flies up from the floor.
 The tengu turns to flee.
 The tengu vanishes and reappears next to you.
 The gargoyle turns to flee.
 You don't have anything to drink.
 You don't have anything to drink.
 What do you want to use or apply? [e-hjuADFINSTWX or ?*] f
 You have a little trouble removing o - a potion of extra healing.
 The tengu vanishes!
 The tengu appears next to you!
 Suddenly, the tengu falls through a trap door.
 What do you want to drink? [o or ?*] o
 You feel much better.
 What do you want to zap? [gjuADSW or ?*] ?
 In what direction? k
 Manlobbi shouts:
 "Who dared dig into my shop?"
 You hear a nearby zap.
 The wand misses it.
 You hear a nearby zap.
 The wand misses it.
 The wand misses you.
 You hear a nearby zap.
 The wand misses the cockatrice.
 The wand hits you!
 Loot in what direction? <esc>
 Never mind.
 What do you want to drop? [$a-ce-ntuwA-JN-QS-Z or ?*] f
 You drop an uncursed sack containing 22 items.
 The cockatrice turns to flee.
 You hear a nearby zap.
 The wand hits the cockatrice!
 The cockatrice resists!
 The wand hits you!
 You hear a nearby zap.
 The wand misses the cockatrice.
 The wand hits you!
 You hear the howling of the CwnAnnwn...
 You don't have anything to drink.
 Manlobbi is not near enough to receive your payment.
 What do you want to zap? [gjuADSW or ?*] W
 In what direction? .
 Gee!  All of a sudden, you can't see yourself.
 Manlobbi zaps a copper wand!
 The gargoyle picks up an uncursed sack containing 22 items.
 The gargoyle hits!
 You die...
 Manlobbi comes and takes all your possessions.
 Do you want to see what you had when you died? [ynq] (y) q

Inventory:
 Amulets  ('"')
  G - a blessed amulet of reflection (being worn)
 Weapons  (')')
  b - 9 +0 daggers (at the ready)
  a - a +1 elven dagger (weapon in right hand)
 Armor    ('[')
  H - an uncursed +0 helmet (being worn)
  J - a cursed +0 pair of leather gloves (being worn)
  Z - a cursed fireproof +0 pair of elven boots
  m - a cursed +0 pair of kicking boots (being worn)
  P - a cursed -1 pair of levitation boots named cusred
  n - a cursed burnt +0 cloak of displacement (being worn)
  Y - an uncursed +0 elven mithril-coat
  c - an uncursed +1 leather armor (being worn)
 Comestibles  ('%')
  O - an uncursed cram ration
  w - 2 uncursed food rations
  B - 2 uncursed lembas wafers
  U - an uncursed tripe ration
  t - an uncursed lizard corpse
 Rings    ('=')
  C - a cursed ring of hunger named cursed
  V - a cursed -1 ring of increase damage named curserd
  l - an uncursed ring of poison resistance (on left hand)
 Wands    ('/')
  u - a wand of cold (0:3)
  g - a cursed wand of digging (0:0)
  A - a cursed wand of digging (0:0)
  j - a cursed wand of light (0:13)
  W - a wand of make invisible (0:4)
  S - a cursed wand of make invisible (0:4)
  D - a cursed wand of stasis (0:0)
 Tools    ('(')
  h - an uncursed blindfold
  T - an uncursed blindfold
  e - an uncursed lock pick
  X - a cursed oil lamp
  N - an uncursed tin opener
  F - an uncursed tin whistle
 Gems/Stones  ('*')
  k - an uncursed worthless piece of blue glass
  i - an uncursed worthless piece of green glass
  E - 3 uncursed worthless pieces of yellow glass
  Q - an uncursed worthless piece of yellowish brown glass
  I - 7 uncursed flint stones

Ch3Begorrah the Rogue's attributes:

Background:
 You were a Rogue, level 8 male human.
 You were chaotic, nominally on a mission for Kos
 who was opposed by Issek (lawful) and Mog (neutral).
 You were right-handed.
 You were in the Dungeons of Doom, on level 12.
 You entered the dungeon 5081 turns ago.
 There was a new moon in effect when your adventure ended.
 You had 1347 experience points, 1213 more were needed to attain level 9.

Basics:
 You had 0 out of 69 hit points.
 You had all 21 energy points (spell power).
 Your armor class was 4.
 Your wallet was empty.
 Autopickup was on for '$!/(' plus thrown, with exceptions.

Final Characteristics:
 Your strength was 14 (limit:18/100).
 Your dexterity was 18 (limit:18).
 Your constitution was 16 (limit:18).
 Your intelligence was 11 (limit:18).
 Your wisdom was 9 (limit:18).
 Your charisma was 8 (limit:18).

Final Status:
 You weren't hungry.
 You were burdened; movement was slightly slowed.
 You were wielding a dagger.
 You had expert skill with dagger.

Final Attributes:
 You were piously aligned.
 You were poison resistant.
 You were invisible.
 You were displaced.
 You were stealthy.
 You were warded.
 You had reflection.
 You are dead.

Miscellaneous:
 You encountered 2 bones levels.
 Total elapsed playing time was 50 minutes and 55 seconds.

Major events:
 Turn
    1: Ch3Begorrah the chaotic male human Rogue entered the dungeon
 1041: entered the Gnomish Mines
 1063: attained the rank of Cutpurse (level 3)
 2225: entered Sokoban
 2496: attained the rank of Rogue (level 6)
 4128: entered the Bigroom
 5081: killed by a gargoyle

You didn't know any spells.

Skills:
 Fighting Skills
   bare handed combat [Unskilled]
   two weapon combat  [Unskilled]
   riding             [Unskilled]
 Weapon Skills
   dagger             [Expert]
   knife              [Unskilled]
   short sword        [Basic]
   broadsword         [Unskilled]
   long sword         [Unskilled]
   two-handed sword   [Unskilled]
   saber              [Unskilled]
   club               [Unskilled]
   mace               [Unskilled]
   morning star       [Unskilled]
   flail              [Unskilled]
   hammer             [Unskilled]
   polearms           [Unskilled]
   spear              [Unskilled]
   crossbow           [Unskilled]
   dart               [Unskilled]
   shuriken           [Unskilled]
 Spellcasting Skills
   divination spells  [Unskilled]
   escape spells      [Unskilled]
   matter spells      [Unskilled]

Voluntary challenges:
 Character rerolling was not enabled.
 You followed a strict vegan diet.
 You were an atheist.
 You never genocided any monsters.
 You never polymorphed an object.
 You never changed form.
 You used no wishes.
 You did not violate any of the special Sokoban rules.
Achievements:
 You entered a shop.
 You entered the Gnomish Mines.
 You attained the rank of Cutpurse.
 You entered Sokoban.
 You attained the rank of Rogue.
 You entered the Big Room.

 The Dungeons of Doom: levels 1 to 13
    Level 1:
       Some fountains.
    Level 2:
       A general store.
    Level 3:
       Stairs down to The Gnomish Mines.
    Level 4:
       A fountain, a sink.
    Level 5:
       Many fountains.
       Oracle of Delphi.
    Level 6:
       Stairs up to Sokoban, level 5.
    Level 7:
       A fountain, some graves.
       Final resting place for
          gbast73-Bar-Hum-Fem-Neu, killed by a killer bee.
    Level 8:
       A sink, a grave.
       Final resting place for
          walls-Wiz-Hum-Mal-Neu, killed by a rope golem.
    Level 9:
       A fountain.
    Level 10:
       A throne.
    Level 11:
       A very big room.
    Level 12: <- You were here.
       Summoned by the Master of Thieves.
       Final resting place for
          you, killed by a gargoyle.
    Level 13:
 The Gnomish Mines:
    Level 4:
 Sokoban:
    Level 5:
       Unsolved.


Vanquished creatures:
  2 ghosts
  a sergeant
  a winter wolf
  a pyrolisk
  2 ochre jellies
  2 human mummies
  a lynx
  a giant spider
  a lizard
  a jaguar
  2 blue jellies
  2 ravens
  a rope golem
  a Woodland-elf
  2 water nymphs
  a rock piercer
  a rock mole
  2 elf zombies
  a homunculus
  a kobold shaman
  4 rothes
  2 giant bats
 an orc zombie
  a wererat
 11 killer bees
  3 hobbits
  3 manes
  a large kobold
  a hobgoblin
  a giant rat
  4 cave spiders
  a brown mold
  2 yellow molds
  a red mold
  2 garter snakes
  2 gnome zombies
  a gecko
  3 jackals
  3 foxes
  2 kobolds
  3 goblins
  2 sewer rats
  5 grid bugs
  a bat
  3 lichens
  2 kobold zombies
  4 newts
96 creatures vanquished.

No species were genocided or became extinct.

Game over:
                       ----------
                      /          \
                     /    REST    \
                    /      IN      \
                   /     PEACE      \
                  /                  \
                  |   Ch3Begorrah    |
                  |       0 Au       |
                  |   killed by a    |
                  |     gargoyle     |
                  |                  |
                  |                  |
                  |       2026       |
                 *|     *  *  *      | *
        _________)/\\_//(\/(/\)/\//\/|_)_______

Goodbye Ch3Begorrah the Rogue...

You died in The Dungeons of Doom on dungeon level 12 with 6058 points,
and 0 pieces of gold, after 5081 moves.
You were level 8 with a maximum of 69 hit points when you died.

